 Dungeon Crawl Stone Soup version 0.27-a0-1006-g1fd4cec11e (webtiles) character file.

Game seed: 2000049159257477719

33 mightbedylan the Magician (level 3, -2/19 HPs)
             Began as a Deep Elf Venom Mage on Apr 18, 2021.
             Slain by a gnoll
             ... wielding a +0 flail
              (10 damage)
             ... on level 2 of the Dungeon.
             The game lasted 00:08:57 (1592 turns).

mightbedylan the Magician (Deep Elf Venom Mage)     Turns: 1592, Time: 00:08:57

Health: -2/19      AC:  2    Str:  5    XL:     3   Next: 12%
Magic:  5/10       EV: 12    Int: 20    God:
Gold:   47         SH:  0    Dex: 15    Spells: 8/9 levels left

rFire    . . .     SeeInvis .   e - +0 long sword
rCold    . . .     Faith    .   (no shield)
rNeg     . . .     Spirit   .   a - +0 robe
rPois    .         Reflect  .   (no helmet)
rElec    .         Harm     .   (no cloak)
rCorr    .         Rampage  .   (no gloves)
Will     .....                  (no boots)
Stlth    ++........             (no amulet)
HPRegen  0.06/turn              (no ring)
MPRegen  0.12/turn              (no ring)

@: no status effects
A: no striking features
a: no special abilities


You were on level 2 of the Dungeon.
You visited 1 branch of the dungeon, and saw 2 of its levels.

You collected 47 gold pieces.

Inventory:

Hand Weapons
 e - a +0 long sword (weapon)
 i - a +0 hunting sling
Missiles
 j - 88 stones
Armour
 a - a +0 robe (worn)
Wands
 h - a wand of polymorph (7)
Scrolls
 g - a scroll of fog
 l - a scroll of blinking
Potions
 c - a potion of attraction


   Skills:
 + Level 2.5 Dodging
 + Level 2.7 Stealth
 + Level 3.9 Spellcasting
 + Level 1.4 Transmutations
 + Level 3.8 Poison Magic


You had 8 spell levels left.
You knew the following spells:

 Your Spells              Type           Power      Damage    Failure   Level
a - Sting                 Tmut/Pois      56%        1d5       4%          1

Your spell library contained the following spells:

 Spells                   Type           Power      Damage    Failure   Level
 Poisonous Vapours        Pois/Air       22%        N/A       9%          2
 Ignite Poison            Fire/Tmut/Pois 11%        N/A       19%         3
 Mephitic Cloud           Conj/Pois/Air  9%         N/A       22%         3
 Olgreb's Toxic Radiance  Pois           19%        N/A       26%         4


Dungeon Overview and Level Annotations

Branches:
Dungeon (2/15)

Altars:

Shops:
D:2 [


Message History

The sting hits the quokka but does no damage.
The quokka looks even sicker.
The quokka is severely wounded.
You kill the quokka!
There is a stone staircase leading down here.
You can't go up here!
You climb downwards.
There is a stone staircase leading up here.
You can't go down here!
You climb upwards.
The gnoll hits you with a +0 flail!
There is a stone staircase leading down here.
The gnoll barely misses you.
You climb downwards.
There is a stone staircase leading up here.
Aiming: Sting (safe; 4% risk of failure)
Press: ? - help, Q - select action, (/) - cycle Shift-Dir - straight line, f - gnoll
Aim: a gnoll, wielding a +0 flail (75% to hit)
The sting hits the gnoll.
The gnoll is poisoned.
The gnoll is lightly wounded.
The gnoll hits you with a +0 flail.
Aiming: Sting (safe; 4% risk of failure)
Press: ? - help, Q - select action, (/) - cycle Shift-Dir - straight line, f/p - gnoll
Aim: a gnoll, wielding a +0 flail (lightly wounded, poisoned, 75% to hit)
The sting hits the gnoll.
The gnoll looks even sicker.
The gnoll is moderately wounded.
The gnoll barely misses you.
Aiming: Sting (safe; 4% risk of failure)
Press: ? - help, Q - select action, (/) - cycle Shift-Dir - straight line, f/p - gnoll
Aim: a gnoll, wielding a +0 flail (moderately wounded, very poisoned, 75% to hit)
The sting hits the gnoll.
The gnoll looks even sicker.
The gnoll is moderately wounded.
The gnoll barely misses you.
Aiming: Sting (safe; 4% risk of failure)
Press: ? - help, Q - select action, (/) - cycle Shift-Dir - straight line, f/p - gnoll
Aim: a gnoll, wielding a +0 flail (moderately wounded, very poisoned, 75% to hit)
The sting hits the gnoll.
The gnoll looks as sick as possible!
The gnoll is heavily wounded.
The gnoll hits you with a +0 flail!
Ouch! That really hurt!
You die...

#.....#.##.......8.8
#.....#.##........⌠.
#.......##..##...8.∩
#####)####..#.....⌠.
#.# #.......8.8 ##.#
#..###..### #..#
#.......... ######.###
#.......... #...g@...#
#........<.
#........####.########
#.............#
#........######
#........# #........#
#........# ##########


You could see a gnoll (extremely poisoned).

Vanquished Creatures
  2 dart slugs
  3 endoplasms
  A giant cockroach (D:1)
  3 goblins (D:2)
  A hobgoblin (D:1)
  3 kobolds
  3 quokkas
  A ball python (D:2)
  5 bats
  4 frilled lizards
  2 rats
28 creatures vanquished.

Notes
Turn   | Place    | Note
-------+----------+-------------------------------------------
     0 | D:1      | mightbedylan the Deep Elf Venom Mage began the quest for
                  | the Orb.
     0 | D:1      | Reached XP level 1. HP: 10/10 MP: 6/6
    81 | D:1      | You fall into a shaft and drop 1 floor!
   166 | D:2      | Reached XP level 2. HP: 15/15 MP: 6/8
   243 | D:2      | Found Gili's Armour Boutique.
  1044 | D:1      | Reached XP level 3. HP: 19/19 MP: 6/10
  1592 | D:2      | Slain by a gnoll

Illustrated notes

Levels and vault maps discovered:
D:1:      dpeg_arrival_another_circle, layout_loops_ring
D:2:      layout_rooms, serial_shops,
          nicolae_shop_temple_entry_statues_fountains, kennysheep_generic_room_2

Action                   || total
-------------------------++-------
Melee: Long sword        ||     4
 Cast: Sting             ||    51
  Use: Scroll            ||     5
       Potion            ||     2
Armor: Robe              ||     2
Dodge: Dodged            ||    14
       Rpst.: Long sword ||     5

Table legend: (Time is in decaauts)
 A = Elapsed time spent in this place.
 B = Non-inter-level travel time spent in this place.
 C = Inter-level travel time spent in this place.
 D = Time resting spent in this place.
 E = Time spent auto-exploring this place.
 F = Levels seen in this place.
 G = Mean time per level.
                   A        B        C        D        E       F      G
               +--------+--------+--------+--------+--------+-----+--------+
         Total |   1575 |   1564 |     11 |    248 |    976 |   2 |  787.5 |
       Dungeon |   1575 |   1564 |     11 |    248 |    976 |   2 |  787.5 |
               +--------+--------+--------+--------+--------+-----+--------+

Top non-repeatable levels by time:
     D:1: 924 daAuts
     D:2: 651 daAuts
